 Dungeon Crawl Stone Soup version 0.25.1-2-g60ff931df9 (webtiles) character file.

Game seed: 15894396517087799631

44 nicanaca0 the Insei (level 3, 28/28 HPs)
             Began as a Gnoll Transmuter on Sept 27, 2020.
             Quit the game on level 2 of the Dungeon on Sept 28, 2020.
             The game lasted 00:05:19 (2431 turns).

nicanaca0 the Insei (Gnoll Transmuter)              Turns: 2431, Time: 00:05:19

Health: 28/28      AC:  4    Str: 12    XL:     3   Next: 62%
Magic:  9/9        EV: 14    Int: 16    God:
Gold:   126        SH:  0    Dex: 15    Spells: 9/12 levels left

rFire    . . .     SeeInvis .   l - +0 long sword (curse)
rCold    . . .     Gourm    .   (no shield)
rNeg     . . .     Faith    .   b - +0 robe
rPois    .         Spirit   .   h - +0 helmet
rElec    .         Reflect  .   (no cloak)
rCorr    .         Harm     .   f - +0 pair of gloves
MR       .....                  (no boots)
Stlth    ++........             (no amulet)
HPRegen  0.09/turn              (no ring)
MPRegen  0.11/turn              (no ring)

@: no status effects
A: distributed training, fangs 1, strong nose
a: no special abilities


You were on level 2 of the Dungeon.
You were not hungry.

You visited 1 branch of the dungeon, and saw 2 of its levels.

You collected 126 gold pieces.

Inventory:

Hand Weapons
 e - a +0 short sword
 l - a cursed +0 long sword (weapon)
Missiles
 a - 64 arrows
Armour
 b - a +0 robe (worn)
 f - a +0 pair of gloves (worn)
 h - a +0 helmet (worn)
Scrolls
 c - 2 scrolls of fear {unknown}
 g - a scroll of amnesia {unknown}
 i - a scroll of immolation {unknown}
 j - a scroll of teleportation {unknown}
Comestibles
 d - 3 rations
 k - 3 chunks of flesh


   Skills:
 + Level 2.6 Fighting
 + Level 0.8 Short Blades
 + Level 0.8 Long Blades
 + Level 0.8 Axes
 + Level 0.8 Maces & Flails
 + Level 0.8 Polearms
 + Level 0.8 Staves
 + Level 0.8 Slings
 + Level 0.8 Bows
 + Level 0.8 Crossbows
 + Level 0.8 Throwing
 + Level 0.8 Armour
 + Level 4.5 Dodging
 + Level 0.8 Stealth
 + Level 0.8 Shields
 + Level 6.5 Unarmed Combat
 + Level 5.0 Spellcasting
 + Level 0.5 Conjurations
 + Level 0.5 Hexes
 + Level 0.5 Charms
 + Level 0.5 Summonings
 + Level 0.5 Necromancy
 + Level 0.5 Translocations
 + Level 3.7 Transmutations
 + Level 0.5 Fire Magic
 + Level 0.5 Ice Magic
 + Level 0.5 Air Magic
 + Level 0.5 Earth Magic
 + Level 0.5 Poison Magic
 + Level 1.0 Invocations
 + Level 0.8 Evocations


You had 9 spell levels left.
You knew the following spells:

 Your Spells              Type           Power        Failure   Level  Hunger
a - Beastly Appendage     Tmut           ###...       3%          1    None
b - Sticks to Snakes      Tmut           ###.....     4%          2    #......

Your spell library contained the following spells:

 Spells                   Type           Power        Failure   Level  Hunger
 Spider Form              Tmut/Pois      ##........   19%         3    ###....
 Ice Form                 Ice/Tmut       ##......     52%         4    ####...
 Blade Hands              Tmut           ###.......   65%         5    ######.


Dungeon Overview and Level Annotations

Branches:
Dungeon (2/15)

Altars:
Cheibriados
Dithmenos
Hepliaklqana


Innate Abilities, Weirdness & Mutations

Your experience applies equally to all skills.
You have very sharp teeth.
Your uncanny sense of smell can sniff out nearby items.


Message History

The hobgoblin barely misses you. The hobgoblin hits you.
You slash the hobgoblin!
You kill the hobgoblin!
You see here a hobgoblin corpse.
Unknown command.
You butcher the hobgoblin corpse.
k - 4 chunks of flesh (gained 3)
You see here a hobgoblin skeleton.
Eating one of 4 chunks of flesh.
You eat one of the 4 chunks of flesh.
This raw flesh tastes terrible.
Found two stone staircases leading down.
d - 3 rations (gained 1)
There is a stone staircase leading down here.
There is a stone staircase leading down here.
You now have 126 gold pieces (gained 7).
There is a stone staircase leading down here.
Found 27 stones.
Welcome back, nicanaca0 the Gnoll Transmuter.
Press ? for a list of commands and other information.
Are you sure you want to abandon this character and quit the game? (Confirm with "yes".)

##.....# ###.#
.......# #...##.#
.#.....# ##.####.#
..รท....# #.># #(#
##.....###>## #.#
#......#...#####.#
.................#
##.....###..####.#
#.##### ##.##..@#
#..# #..#.### ..##
#.....# .#
######...# #
#........# ###
##.# .#####
..######<.##.#
#............#
#...##.#######


There were no monsters in sight!

Vanquished Creatures
  An adder (D:2)
  An ooze (D:1)
  2 leopard geckos
  4 giant cockroaches (D:1)
  2 goblins (D:1)
  2 hobgoblins
  3 jackals (D:1)
  A ball python (D:1)
  A bat (D:2)
  2 frilled lizards
  6 kobolds (D:1)
  A rat (D:1)
26 creatures vanquished.

Vanquished Creatures (collateral kills)
  A dart slug (D:1)
  A goblin (D:1)
  A bat (D:1)
3 creatures vanquished.

Grand Total: 29 creatures vanquished

Notes
Turn   | Place    | Note
-------+----------+-------------------------------------------
     0 | D:1      | nicanaca0 the Gnoll Transmuter began the quest for the Orb.
     0 | D:1      | Reached XP level 1. HP: 17/17 MP: 6/6
   414 | D:1      | Reached XP level 2. HP: 21/23 MP: 4/7
   615 | D:1      | Learned a level 2 spell: Sticks to Snakes
  1316 | D:1      | Reached XP level 3. HP: 9/28 MP: 7/9
  1322 | D:1      | Reached skill level 5 in Spellcasting
  1907 | D:2      | Found a hazy altar of Hepliaklqana.
  1907 | D:2      | Found a snail-covered altar of Cheibriados.
  1911 | D:2      | Found a shadowy altar of Dithmenos.
  1978 | D:2      | Reached skill level 1 in Invocations
  2431 | D:2      | Quit the game

Illustrated notes

Levels and vault maps discovered:
D:1:      dpeg_arrival_tiny_c, layout_loops_ring
D:2:      minmay_angry_zag, layout_rooms, lemuel_blue_sif_altar,
          nicolae_overflow_hidden_temple, first_ration, minmay_door_square,
          nicolae_ru_the_path_less_chosen

Skill      XL: |  1  2  3 |
---------------+----------+-----
Spellcasting   | 5 |  5.0
Invocations    | 1 |  1.0
Fighting       | |  2.6
Short Blades   | |  0.8
Long Blades    | |  0.8
Axes           | |  0.8
Maces & Flails | |  0.8
Polearms       | |  0.8
Staves         | |  0.8
Slings         | |  0.8
Bows           | |  0.8
Crossbows      | |  0.8
Throwing       | |  0.8
Armour         | |  0.8
Dodging        | |  4.5
Stealth        | |  0.8
Shields        | |  0.8
Unarmed Combat | |  6.5
Conjurations   | |  0.5
Hexes          | |  0.5
Charms         | |  0.5
Summonings     | |  0.5
Necromancy     | |  0.5
Translocations | |  0.5
Transmutations | |  3.7
Fire Magic     | |  0.5
Ice Magic      | |  0.5
Air Magic      | |  0.5
Earth Magic    | |  0.5
Poison Magic   | |  0.5
Evocations     | |  0.8

Action                   || total
-------------------------++-------
Melee: Unarmed           ||    20
       Short sword       ||    77
       Bite              ||     5
       Kick              ||     3
       Headbutt          ||     1
       Punch             ||     1
       Long sword        ||     4
 Cast: Beastly Appendage ||     4
       Sticks to Snakes  ||     5
 Stab: Sleeping          ||     2
  Eat: Chunk             ||     5
Armor: Robe              ||    19
Dodge: Dodged            ||    95
